 Dungeon Crawl Stone Soup version 0.21-a0-442-g848f44b (webtiles) character file.

77 mastercheaf21 the Slasher (level 4, 0/36 HPs)
             Began as a Draconian Skald on Nov 13, 2017.
             Slain by a gnoll
             ... wielding a +0 whip
              (5 damage)
             ... on level 2 of the Dungeon on Nov 14, 2017.
             The game lasted 00:11:09 (2155 turns).

mastercheaf21 the Slasher (Draconian Skald)         Turns: 2155, Time: 00:11:10

Health: 0/36       AC:  5    Str: 14    XL:     4   Next: 14%
Magic:  3/7        EV: 12    Int: 14    God:
Gold:   112        SH:  0    Dex: 10    Spells: 6/7 levels left

rFire    . . .     SeeInvis .   a - +0 falchion
rCold    . . .     Gourm    .   (no shield)
rNeg     . . .     Faith    .   (armour unavailable)
rPois    .         Spirit   .   (helmet restricted)
rElec    .         Reflect  .   (no cloak)
rCorr    .         Harm     .   (no gloves)
MR       .....                  (no boots)
Stlth    +.........             (no amulet)
HPRegen  0.12/turn              f - ring of wizardry
MPRegen  0.10/turn              (no ring)

@: infused (expiring)
A: unfitting armour, cold-blooded, AC +5
a: no special abilities


You were on level 2 of the Dungeon.
You were not hungry.

You visited 1 branch of the dungeon, and saw 2 of its levels.

You collected 112 gold pieces.

Inventory:

Hand Weapons
 a - a +0 falchion (weapon)
 h - a +2 dagger of venom
Jewellery
 f - a ring of wizardry (left hand)
Scrolls
 e - a scroll of random uselessness {unknown}
 g - 3 scrolls of remove curse {unknown}
 i - a scroll of fog {unknown}
 p - a scroll of teleportation {unknown}
Potions
 d - a potion of mutation {unknown}
 l - a potion of brilliance {unknown}
 m - a potion of might
 n - 2 potions of heal wounds {unknown}
Books
 b - a book of Battle

   Spells                             Type                      Level
   a - Infusion                       Charms                       1
   b - Shroud of Golubria             Charms/Translocation         2
   c - Song of Slaying                Charms                       2
   d - Spectral Weapon                Hexes/Charms                 3
   e - Regeneration                   Charms/Necromancy            3
Comestibles
 c - 2 bread rations
 j - a meat ration
 k - a royal jelly
 o - 2 chunks of flesh


   Skills:
 - Level 2.3 Fighting
 * Level 3.7 Long Blades
 - Level 2.1 Dodging
 - Level 2.0 Spellcasting
 + Level 3.4 Charms


You had 6 spell levels left.
You knew the following spells:

 Your Spells              Type           Power        Failure   Level  Hunger
a - Infusion              Chrm           ##..         2%          1    ##.....


Dungeon Overview and Level Annotations

Branches:
Dungeon (2/15)

Altars:
Makhleb
Vehumet


Innate Abilities, Weirdness & Mutations

Your plain brown scales are hard. (AC +5)
You cannot fit into any form of body armour.
You are cold-blooded and may be slowed by cold attacks.


Message History

You closely miss the gnoll.
The gnoll is moderately wounded.
The gnoll misses you.
The gnoll hits you from afar with a spear.
You hit the gnoll.
The gnoll is heavily wounded.
Your magical infusion is running out.
The gnoll misses you. The gnoll closely misses you.
You hit the gnoll.
The gnoll is moderately wounded.
The gnoll hits you from afar with a spear.
* * * LOW HITPOINT WARNING * * *
The gnoll misses you.
You barely miss the gnoll.
The gnoll is moderately wounded.
The gnoll barely misses you.
The gnoll hits you from afar with a spear.
* * * LOW HITPOINT WARNING * * *
The gnoll hits you with a whip.
You die...

#.....##.###....
#............##.
#...#.##.......)
#..##.#########' #...)..#
##.. #.###..# ##...
#.###..# ##....
..#.######.##...####...).
......gg@..........'.....
..#.##g######...####.....
... ##..# ##.... ##..
#...# ##... .g. #.###
##.) g<.. #.# ##' ..###
#.# #. #.# #.# ##. #.#
#..


You could see 3 gnolls.

Vanquished Creatures
  2 adders (D:2)
  A worm (D:2)
  4 leopard geckos
  3 giant cockroaches (D:1)
  6 goblins
  5 hobgoblins
  5 jackals (D:1)
  6 kobolds
  2 ball pythons (D:1)
  6 bats
  5 frilled lizards
  6 rats
51 creatures vanquished.

Notes
Turn   | Place    | Note
-------+----------+-------------------------------------------
     0 | D:1      | mastercheaf21 the Draconian Skald began the quest for the Orb.
     0 | D:1      | Reached XP level 1. HP: 17/17 MP: 3/3
    20 | D:1      | Noticed an electric eel
    21 | D:1      | Noticed an electric eel
   365 | D:1      | Reached XP level 2. HP: 20/24 MP: 5/5
   803 | D:1      | Reached XP level 3. HP: 29/29 MP: 6/6
  1287 | D:2      | Found a radiant altar of Vehumet.
  1292 | D:2      | Found a burning altar of Makhleb.
  1953 | D:2      | Reached XP level 4. HP: 33/36 MP: 2/7
  2155 | D:2      | Slain by a gnoll

Vault maps used:
D:1:      arrival_aquarium_b, minmay_tromino_mix6
D:2:      minmay_diamond_boxcup, chequers_temple_overflow_statue_of_worship

Skill      XL: |  1  2 |
---------------+-------+-----
Charms         | 3 |  3.4
Long Blades    | 3 |  3.7
Fighting       | |  2.3
Dodging        | |  2.1
Spellcasting   | |  2.0

Action                   |  1- 3 |  4- 6 || total
-------------------------+-------+-------++-------
Melee: Falchion          |   152 |    11 ||   163
       Tailslap          |    10 |       ||    10
 Cast: Infusion          |     4 |     1 ||     5
  Eat: Chunk             |     3 |     1 ||     4
Armor: Skin              |    63 |     1 ||    64
Dodge: Dodged            |   137 |    14 ||   151
       Rpst.: Falchion   |    51 |     3 ||    54

Table legend:
 A = Spawn XP
 B = Non-spawn XP
 C = Spawn XP percentage of total XP
 D = Spawn monster count
 E = Non-spawn monster count
 F = Spawn count percentage of total count
 G = Total turns spent on level
                    A         B        C        D         E        F      G
               +---------+---------+-------+---------+---------+-------+---------
         Total |       0 |     111 |   0.0 |       0 |      51 |   0.0 |  2155
               +---------+---------+-------+---------+---------+-------+---------
           D:1 |       0 |      52 |   0.0 |       0 |      31 |   0.0 |  1244
           D:2 |       0 |      59 |   0.0 |       0 |      20 |   0.0 |   911
               +---------+---------+-------+---------+---------+-------+---------
